AoeStats
← eyupfc

Arena

510351714Analyzed
2v2 RM · 1d ago on Sep 30, 2026· 26m 11s· 4 players
Game mode
Random Map
Map size
Medium (4 player)
Population
200
Speed
Normal
Resources
Standard
Victory
Conquest
Starting age
Dark Age
Ending age
Imperial Age
RankedLock teamsTeams togetherTeam positionsShared explorationLock speedFull tech treeHidden civsTurbo modeCheats
Victory
Defeat
🇨🇱 Teutons · Chile
1156
+16
🇨🇱 Turks · Chile
1154
+16
🇦🇷 Varangians · Argentina
1163
-16
🇹🇷 Saxons · Türkiye
1153
-16
eyupfc
10:36 Feudal Age
12:06 Double-Bit Axe
12:04 Horse Collar
14:39 Castle Age
14:38 Gold Mining
14:39 Fletching
16:37 Bodkin Arrow
17:45 Padded Archer Armor
18:47 Crossbowman
26:03 Ballistics
Marco Aurelio
11:30 Feudal Age
12:10 Double-Bit Axe
20:35 Horse Collar
21:02 Loom
25:42 Castle Age
Panchomaloo
6:03 Loom
8:17 Feudal Age
9:02 Double-Bit Axe
14:06 Fletching
22:18 Castle Age
22:29 Horse Collar
22:55 Bodkin Arrow
23:54 Guard Tower
lokomats69
13:32 Feudal Age
12:59 Loom
17:14 Castle Age
15:00 Horse Collar
15:08 Double-Bit Axe
22:48 Imperial Age
25:11 Bloodlines
Connection lost

Rejoining the realm…

Still unreachable

The connection could not be restored.

Session expired

The server has moved on; the page needs a fresh start.